 Dungeon Crawl Stone Soup version 0.29.1-15-g9cfb28693d (webtiles) character file.

Game seed: 9539847364147084978

1099 Ast3rio the Trooper (level 8, 0/106 HPs)
             Began as a Minotaur Berserker on Mar 28, 2023.
             Was a Priest of Trog.
             Slain by a gnoll
             ... wielding a +0 spear
             ... led by a gnoll sergeant
              (1 damage)
             ... on level 5 of the Dungeon.
             The game lasted 00:06:25 (5213 turns).

Ast3rio the Trooper (Minotaur Berserker)            Turns: 5213, Time: 00:06:25

Health: 0/106      AC:  2    Str: 24    XL:     8   Next: 10%
Magic:  7/7        EV: 12    Int:  4    God:    Trog [***...]
Gold:   158        SH:  0    Dex: 10    Spells: 7/7 levels left

rFire   . . .      SeeInvis .   s - +4 scythe (venom)
rCold   . . .      Faith    .   (shield currently unavailable)
rNeg    . . .      Spirit   .   b - +0 animal skin
rPois   .          Reflect  .   (helmet restricted)
rElec   .          Harm     .   (no cloak)
rCorr   .          Rampage  .   (no gloves)
Will    .....                   (no boots)
Stlth   ..........              (no amulet)
HPRegen 0.27/turn               (no ring)
MPRegen 0.10/turn               (no ring)

@: berserking (expiring), lethally poisoned (0 -> -4), very quick
A: horns 2, retaliatory headbutt
a: Renounce Religion, Berserk, Trog's Hand


You were on level 5 of the Dungeon.
You worshipped Trog.
Trog was most pleased with you.
You visited 1 branch of the dungeon, and saw 5 of its levels.

You collected 158 gold pieces.

Inventory:

Hand Weapons
 a - a +0 spear
 k - a +4 dagger of speed
 s - a +4 scythe of venom (weapon)
Armour
 b - a +0 animal skin (worn)
Wands
 n - a wand of digging (5)
 q - a wand of flame (18)
Scrolls
 e - a scroll of immolation {unknown}
 g - a scroll of butterflies {unknown}
 i - 3 scrolls of blinking {unknown}
 j - 5 scrolls of identify {unknown}
 l - a scroll of teleportation {unknown}
 p - a scroll of fear {unknown}
 t - a scroll of torment {unknown}
 u - 4 scrolls of magic mapping {unknown}
 v - a scroll of brand weapon {unknown}
Potions
 c - 4 potions of curing
 d - 4 potions of heal wounds {unknown}
 f - a potion of magic {unknown}
 h - a potion of resistance {unknown}
 m - a potion of might {unknown}
 o - a potion of mutation {unknown}
 r - 2 potions of flight {unknown}


   Skills:
 * Level 6.9 Fighting
 + Level 5.5 Short Blades
 + Level 6.6 Polearms
 + Level 2.8 Armour
 + Level 3.8 Dodging
 + Level 2.0 Stealth


You had 7 spell levels left.
You didn't know any spells.
Your spell library was empty.

Dungeon Overview and Level Annotations

Branches:
Dungeon (5/15)
 Temple: D:4-7

Altars:
Cheibriados
Dithmenos
Fedhas
Kikubaaqudgha
Nemelex Xobeh
Ru
Sif Muna
Vehumet
Wu Jian
Zin
The Shining One


Innate Abilities, Weirdness & Mutations

You have a pair of horns on your head.
You reflexively headbutt those who attack you in melee.


Message History

The gnoll hits you with a +0 whip!
* * * LOW HITPOINT WARNING * * *
A gnoll comes into view. It is wielding a +0 spear.
The gnoll sergeant barely misses you.
A red film seems to cover your vision as you go berserk!
You feel yourself moving faster!
You feel mighty!
The gnoll shouts!
You feel the power of Trog in you as your rage grows.
You kill the gnoll sergeant!
Trog accepts your kill. The gnoll hits you but does no damage.
Your life force feels restored.
You slash the gnoll!
You kill the gnoll!
Trog accepts your kill.
Things that are here:
a +0 whip; a gnoll corpse You feel a strong urge to attack something.
A gnoll comes into view. It is wielding a +0 spear.
The gnoll shouts!
The gnoll barely misses you.
You puncture the gnoll!
The gnoll is poisoned.
The gnoll is severely wounded.
An adder comes into view.
The gnoll hits you but does no damage.
The adder hisses angrily.
You impale the gnoll!!
You kill the gnoll!
Trog accepts your kill.
Your Stealth skill increases to level 2!
Things that are here:
a +0 spear; a gnoll corpse You feel a strong urge to attack something.
The gnoll hits you from afar with a +0 spear!
* * * LOW HITPOINT WARNING * * *
The adder bites you.
* * * LOW HITPOINT WARNING * * *
You are lethally poisoned!
The adder poisons you! The gnoll hits you with a +0 spear.
You die...

##..... .##. ##.....
..#.# ....
[.....##...###...##
....##..#........#
#...............#
##..............# ###
#...>...........#
#.####....)).........#
#........).)..).@g...#
..>....##........S...#
#.....................#
##.................#..#
#................## ...
#................# #.
#.................#
###.......####.....
##.........#.##


You could see a gnoll and an adder.

Vanquished Creatures
  The ghost of monke the Digger, an amateur GnWn (D:4)
  Sigmund (D:4)
  Edmund (D:4)
  An ogre (D:4)
  A bullfrog (D:4)
  A gnoll sergeant (D:5)
  A necrophage (D:4)
  Crazy Yiuf (D:3)
  2 iguanas (D:4)
  Natasha (twice) (D:3)
  Terence (D:3)
  5 gnolls
  2 adders
  A river rat (D:4)
  4 worms
  2 dart slugs
  4 orcs
  5 endoplasms
  4 giant cockroaches
  9 goblins
  8 hobgoblins
  A jackal (D:3)
  3 kobolds
  5 quokkas
  3 ball pythons (D:1)
  12 bats
  3 frilled lizards
  4 rats
88 creatures vanquished.

Vanquished Creatures (others)
  A fungus (D:3)
1 creature vanquished.

Grand Total: 89 creatures vanquished

Notes
Turn   | Place    | Note
-------+----------+-------------------------------------------
     0 | D:1      | Ast3rio the Minotaur Berserker began the quest for the Orb.
     0 | D:1      | Reached XP level 1. HP: 19/19 MP: 0/0
   133 | D:1      | Reached XP level 2. HP: 27/27 MP: 1/1
  1032 | D:2      | Reached XP level 3. HP: 32/33 MP: 2/2
  1180 | D:2      | Reached ** piety under Trog
  1740 | D:3      | Noticed Natasha
  1755 | D:3      | Killed Natasha
  1756 | D:3      | Reached XP level 4. HP: 4/41 MP: 3/3
  2066 | D:3      | Found a faded altar of an unknown god.
  2101 | D:3      | Found an ancient bone altar of Kikubaaqudgha.
  2442 | D:3      | Noticed Natasha
  2450 | D:3      | Killed Natasha
  2451 | D:3      | Reached skill level 5 in Fighting
  2451 | D:3      | Reached skill level 1 in Short Blades
  2451 | D:3      | Reached skill level 5 in Polearms
  2514 | D:3      | Noticed Terence
  2525 | D:3      | Killed Terence
  2526 | D:3      | Reached XP level 5. HP: 48/48 MP: 4/4
  2866 | D:3      | Found a runed translucent door.
  2867 | D:3      | Noticed Crazy Yiuf
  3030 | D:3      | Killed Crazy Yiuf
  3187 | D:4      | Noticed Edmund
  3201 | D:4      | HP: 2/58 [Edmund/+3 flail of draining (8)]
  3204 | D:4      | Killed Edmund
  3205 | D:4      | Reached skill level 1 in Stealth
  3205 | D:4      | Reached XP level 6. HP: 2/56 MP: 5/5
  3516 | D:4      | Found a sparkling altar of Nemelex Xobeh.
  3518 | D:4      | Found a glowing silver altar of Zin.
  3519 | D:4      | Found a shadowy altar of Dithmenos.
  3520 | D:4      | Found an ornate altar of the Wu Jian Council.
  3528 | D:4      | Found a runed translucent door.
  3558 | D:4      | Found a runed translucent door.
  3559 | D:4      | Noticed monke's ghost (amateur GnWn)
  3572 | D:4      | Noticed Sigmund
  3587 | D:4      | Killed Sigmund
  3839 | D:4      | Reached XP level 7. HP: 62/62 MP: 6/6
  3855 | D:4      | Killed monke's ghost
  3856 | D:4      | Reached skill level 5 in Short Blades
  4207 | D:4      | Reached *** piety under Trog
  4885 | D:4      | Found a snail-covered altar of Cheibriados.
  4887 | D:4      | Found a sacrificial altar of Ru.
  4887 | D:4      | Found a blossoming altar of Fedhas.
  4894 | D:4      | Found a shimmering blue altar of Sif Muna.
  4948 | D:4      | Found a radiant altar of Vehumet.
  5062 | D:4      | Found a glowing golden altar of the Shining One.
  5157 | D:5      | Entered Level 5 of the Dungeon
  5199 | D:5      | Reached XP level 8. HP: 38/70 MP: 7/7
  5212 | D:5      | HP: 2/106 [gnoll/+0 spear[a gnoll sergeant] (7)]
  5213 | D:5      | Slain by a gnoll

Illustrated notes

Levels and vault maps discovered:
D:1:      mrwooster_arrival_statue, layout_basic, feat_on_display
D:2:      layout_loops_ring
D:3:      minmay_chambers_of_threes, layout_basic,
          nicolae_overflow_crystal_walls,
          hellmonk_ecumenical_altar_leap_of_faith,
          chequers_serial_rivers_micro_a, kennysheep_another_room,
          dreamdust_mushroom_princess, uniq_terence, uniq_crazy_yiuf_cottage,
          uniq_natasha
D:4:      layout_loops_ring, marbit_many_paths, tso_altar,
          chequers_temple_overflow_statue_of_worship, minitemple,
          ebering_ghost_sewer_f, uniq_edmund, uniq_sigmund
D:5:      wad_crossroads, layout_cave_pools, kennysheep_mini_moat, uniq_pikel

Skill      XL: |  1  2  3  4  5  6  7  8 |
---------------+-------------------------+-----
Polearms       | 4 5 6 |  6.6
Fighting       | 4 5 6 |  6.9
Short Blades   | 1 3 4 5 |  5.5
Dodging        | 3 |  3.8
Stealth        | 1 2 |  2.0
Armour         | |  2.8

Action                   |  1- 3 |  4- 6 |  7- 9 || total
-------------------------+-------+-------+-------++-------
Melee: Spear             |    81 |       |       ||    81
       Headbutt          |     7 |    13 |     6 ||    26
       Dagger            |    16 |    89 |       ||   105
       Halberd           |       |     2 |    61 ||    63
Invok: Berserk           |       |     1 |     1 ||     2
  Use: Potion            |       |     1 |       ||     1
 Stab: Sleeping          |       |     1 |     2 ||     3
Armor: Animal skin       |     6 |     6 |     7 ||    19
Dodge: Dodged            |    36 |    39 |    21 ||    96
